TOP OF THE 1ST |
Huntington Beach Surf batting - Pitching for Remsen Alphas : RHP Ron Madison
|
Pitching: RHP Ron Madison
|
|
Batting: RHB Warner Robinson
|
0-0: Foul Ball, location: 2F 0-1: Called Strike 0-2: Foul Ball, location: 2F 0-2: Foul Ball, location: 2F 0-2: Ball 1-2: Strikes out swinging
|
Batting: RHB Dave Young
|
0-0: Ball 1-0: Ball 2-0: Swinging Strike 2-1: Ground out 6-3 (Groundball, 6M)
|
Batting: LHB Bartolo Benítez
|
0-0: DOUBLE (Flyball, 8LM) - OUT at third base trying to stretch hit.
|
Top of the 1st over - 0 run(s), 1 hit(s), 0 error(s), 0 left on base; Huntington Beach 0 - Remsen 0 |
BOTTOM OF THE 1ST |
Remsen Alphas batting - Pitching for Huntington Beach Surf : RHP Ricardo DePay
|
Pitching: RHP Ricardo DePay
|
|
Batting: LHB Keith Alexander
|
0-0: Foul Ball, location: 2F 0-1: SINGLE (Line Drive, 7LS)
|
Batting: RHB José Magana
|
0-0: Ball 1-0: Ball 2-0: Fly out, F3 (Popup, 23)
|
Batting: SHB Cliff Hale
|
0-0: Ball 1-0: SINGLE (Flyball, 8LS) Keith Alexander to second
|
Batting: RHB Iván Ríos
|
0-0: Ball 1-0: Ball 2-0: Ball 3-0: Base on Balls Keith Alexander to third Cliff Hale to second
|
Batting: RHB Manuel Martínez
|
0-0: Ball 1-0: Ball 2-0: Ball 3-0: Called Strike 3-1: Base on Balls Keith Alexander scores Cliff Hale to third Iván Ríos to second
|
Batting: RHB Rafael Herrera
|
0-0: SINGLE (Groundball, 56D) Cliff Hale scores Iván Ríos to third Manuel Martínez to second Runner from 3rd tries for Home, throw and OUT!
|
Batting: RHB Bernaldyn Berbedo
|
0-0: Ball 1-0: Ball 2-0: Ball 3-0: Called Strike 3-1: Base on Balls Manuel Martínez to third Rafael Herrera to second
|
Batting: LHB Jerry Mitchell
|
0-0: Foul Ball, location: 2F 0-1: Foul Ball, location: 2F 0-2: Strikes out swinging
|
Bottom of the 1st over - 2 run(s), 3 hit(s), 0 error(s), 3 left on base; Huntington Beach 0 - Remsen 2 |
TOP OF THE 2ND |
Huntington Beach Surf batting - Pitching for Remsen Alphas : RHP Ron Madison
|
Batting: LHB Tony Martínez
|
0-0: Ball 1-0: Ball 2-0: Called Strike 2-1: Called Strike 2-2: Ground out 4-3 (Groundball, 34)
|
Batting: RHB Enrique Marroquín
|
0-0: Ground out 4-3 (Groundball, 4)
|
Batting: RHB Juan García
|
0-0: Ball 1-0: Swinging Strike 1-1: Swinging Strike 1-2: Ball 2-2: Strikes out looking
|
Top of the 2nd over - 0 run(s), 0 hit(s), 0 error(s), 0 left on base; Huntington Beach 0 - Remsen 2 |
BOTTOM OF THE 2ND |
Remsen Alphas batting - Pitching for Huntington Beach Surf : RHP Ricardo DePay
|
Batting: RHB Bert Motevassel
|
0-0: Called Strike 0-1: Called Strike 0-2: Ball 1-2: Ball 2-2: Ball 3-2: Ground out 4-3 (Groundball, 4M)
|
Batting: LHB Keith Alexander
|
0-0: Ball 1-0: Fly out, F7 (Flyball, 78M)
|
Batting: RHB José Magana
|
0-0: Ball 1-0: Foul Ball, location: 2F 1-1: Ball 2-1: Foul Ball, location: 2F 2-2: Strikes out looking
|
Bottom of the 2nd over - 0 run(s), 0 hit(s), 0 error(s), 0 left on base; Huntington Beach 0 - Remsen 2 |
TOP OF THE 3RD |
Huntington Beach Surf batting - Pitching for Remsen Alphas : RHP Ron Madison
|
Batting: LHB Terry Johnson
|
0-0: DOUBLE (Popup, 9S)
|
Batting: RHB Austin Henderson
|
0-0: SINGLE (Groundball, 6MD) Terry Johnson to third
|
Batting: RHB Jim Unknown
|
0-0: Called Strike 0-1: Ball 1-1: SINGLE (Groundball, 56D) Terry Johnson scores Austin Henderson to second
|
Batting: RHB Warner Robinson
|
0-0: Foul Ball, location: 2F 0-1: Grounds into double play, 4-6-3 (Groundball, 4) Austin Henderson to third
|
Batting: RHB Dave Young
|
0-0: Foul Ball, location: 2F 0-1: Ground out 6-3 (Groundball, 6)
|
Top of the 3rd over - 1 run(s), 3 hit(s), 0 error(s), 1 left on base; Huntington Beach 1 - Remsen 2 |
BOTTOM OF THE 3RD |
Remsen Alphas batting - Pitching for Huntington Beach Surf : RHP Ricardo DePay
|
Batting: SHB Cliff Hale
|
0-0: Fly out, F2 (Popup, 2L)
|
Batting: RHB Iván Ríos
|
0-0: Ball 1-0: Ground out 6-3 (Groundball, 56)
|
Batting: RHB Manuel Martínez
|
0-0: Called Strike 0-1: Foul Ball, location: 2F 0-2: SINGLE (Groundball, 4MD) (infield hit)
|
Batting: RHB Rafael Herrera
|
0-0: Foul Ball, location: 2F 0-1: Fly out, F8 (Line Drive, 8RM)
|
Bottom of the 3rd over - 0 run(s), 1 hit(s), 0 error(s), 1 left on base; Huntington Beach 1 - Remsen 2 |
TOP OF THE 4TH |
Huntington Beach Surf batting - Pitching for Remsen Alphas : RHP Ron Madison
|
Batting: LHB Bartolo Benítez
|
0-0: Swinging Strike 0-1: Ball 1-1: SINGLE (Line Drive, 8RS)
|
Batting: LHB Tony Martínez
|
0-0: Swinging Strike 0-1: Ball 1-1: Foul Ball, location: 2F 1-2: Foul Ball, location: 2F 1-2: Ball 2-2: Foul Ball, location: 2F 2-2: Foul Ball, location: 2F 2-2: Ball 3-2: Base on Balls Bartolo Benítez to second
|
Batting: RHB Enrique Marroquín
|
0-0: Ball 1-0: Ground out 5-3 (Groundball, 5S) Bartolo Benítez to third Tony Martínez to second
|
Batting: RHB Juan García
|
0-0: Ground out 5-3 (Groundball, 6S) Bartolo Benítez scores Tony Martínez to third
|
Batting: LHB Terry Johnson
|
0-0: Ball 1-0: Ball 2-0: Called Strike 2-1: Foul Ball, location: 2F 2-2: SINGLE (Groundball, 4MD) Tony Martínez scores
|
Batting: RHB Austin Henderson
|
0-0: Ball 1-0: Called Strike 1-1: Called Strike 1-2: Foul Ball, location: 2F 1-2: Ball Wild Pitch! Terry Johnson to second 2-2: Ball 3-2: Ground out 5-3 (Groundball, 56S)
|
Top of the 4th over - 2 run(s), 2 hit(s), 0 error(s), 1 left on base; Huntington Beach 3 - Remsen 2 |
BOTTOM OF THE 4TH |
Remsen Alphas batting - Pitching for Huntington Beach Surf : RHP Ricardo DePay
|
Batting: RHB Bernaldyn Berbedo
|
0-0: Ball 1-0: Ball 2-0: Called Strike 2-1: Ball 3-1: Foul Ball, location: 2F 3-2: Base on Balls
|
Batting: LHB Jerry Mitchell
|
0-0: Called Strike 0-1: Ball 1-1: Ball 2-1: Ball 3-1: Base on Balls Bernaldyn Berbedo to second
|
Batting: RHB Bert Motevassel
|
0-0: SINGLE (Line Drive, 56) Bernaldyn Berbedo to third Jerry Mitchell to second
|
Batting: LHB Keith Alexander
|
0-0: Ball 1-0: Foul Ball, location: 2F 1-1: Swinging Strike 1-2: Ball 2-2: Ball 3-2: Fly out, F7 (Flyball, 7S)
|
Batting: RHB José Magana
|
0-0: Ball 1-0: SINGLE (Line Drive, 4MD) Bernaldyn Berbedo scores Jerry Mitchell to third Bert Motevassel to second Runner from 3rd tries for Home, SAFE, throw made home
|
Batting: SHB Cliff Hale
|
0-0: Ball 1-0: Ball 2-0: Ball 3-0: Base on Balls Bert Motevassel to third José Magana to second
|
Batting: RHB Iván Ríos
|
0-0: Swinging Strike 0-1: Ball 1-1: Ball 2-1: Ball 3-1: Foul Ball, location: 2F 3-2: Foul Ball, location: 2F 3-2: Base on Balls Bert Motevassel scores José Magana to third Cliff Hale to second
|
Pitching: RHP Orlando Miranda
|
|
Batting: RHB Manuel Martínez
|
0-0: Called Strike 0-1: Swinging Strike 0-2: Ball 1-2: Strikes out swinging
|
Batting: RHB Rafael Herrera
|
0-0: Called Strike 0-1: Foul Ball, location: 2F 0-2: Strikes out looking
|
Bottom of the 4th over - 3 run(s), 2 hit(s), 0 error(s), 3 left on base; Huntington Beach 3 - Remsen 5 |
TOP OF THE 5TH |
Huntington Beach Surf batting - Pitching for Remsen Alphas : RHP Ron Madison
|
Batting: RHB Jim Unknown
|
0-0: Ball 1-0: Ball 2-0: Called Strike 2-1: Fly out, F7 (Flyball, 7M)
|
Batting: RHB Warner Robinson
|
0-0: Called Strike 0-1: Foul Ball, location: 2F 0-2: Ball 1-2: Foul Ball, location: 2F 1-2: SOLO HOME RUN (Flyball, 78XD), Distance : 364 ft
|
Batting: RHB Dave Young
|
0-0: Ball 1-0: SINGLE (Line Drive, 56D)
|
Batting: LHB Bartolo Benítez
|
0-0: SINGLE (Groundball, 4MD) Dave Young to second
|
Batting: LHB Tony Martínez
|
0-0: Foul Ball, location: 2F 0-1: Foul Ball, location: 2F 0-2: SINGLE (Groundball, 34D) Dave Young to third Bartolo Benítez to second Runner from 3rd tries for Home, SAFE, throw made home
|
Pitching: RHP Hänsel Freeh
|
|
Batting: RHB Enrique Marroquín
|
0-0: Foul Ball, location: 2F 0-1: Foul Ball, location: 2F 0-2: Ball 1-2: Fly out, F5 (Line Drive, 56) 1-2: Lined into DP, 5-4 (Line Drive, 56)
|
Top of the 5th over - 2 run(s), 4 hit(s), 0 error(s), 1 left on base; Huntington Beach 5 - Remsen 5 |
BOTTOM OF THE 5TH |
Remsen Alphas batting - Pitching for Huntington Beach Surf : RHP Orlando Miranda
|
Batting: RHB Bernaldyn Berbedo
|
0-0: Foul Ball, location: 2F 0-1: Swinging Strike 0-2: Ball 1-2: Ball 2-2: DOUBLE (Line Drive, 5D)
|
Batting: LHB Jerry Mitchell
|
0-0: Ball 1-0: Fly out, F8 (Flyball, 89D) Runner from 2nd tags up, SAFE at 3rd, no throw
|
Batting: RHB Bert Motevassel
|
0-0: Called Strike 0-1: Swinging Strike 0-2: Ball 1-2: Reached on Error, E8 (Line Drive, 8LM) Bernaldyn Berbedo scores
|
Batting: LHB Keith Alexander
|
0-0: Called Strike 0-1: Swinging Strike 0-2: Ball 1-2: Ball 2-2: Strikes out swinging
|
Batting: RHB José Magana
|
0-0: Called Strike 0-1: Foul Ball, location: 2F 0-2: Strikes out swinging
|
Bottom of the 5th over - 1 run(s), 1 hit(s), 1 error(s), 1 left on base; Huntington Beach 5 - Remsen 6 |
TOP OF THE 6TH |
Huntington Beach Surf batting - Pitching for Remsen Alphas : RHP Hänsel Freeh
|
Batting: RHB Juan García
|
0-0: Called Strike 0-1: Swinging Strike 0-2: Strikes out looking
|
Batting: LHB Terry Johnson
|
0-0: Called Strike 0-1: Ball 1-1: SINGLE (Line Drive, 89S)
|
Batting: RHB Austin Henderson
|
0-0: Foul Ball, location: 2F 0-1: Foul Ball, location: 2F 0-2: Ball 1-2: Ball 2-2: Ball 3-2: Base on Balls Terry Johnson to second
|
Batting: RHB Jim Unknown
|
0-0: Called Strike 0-1: Fly out, F7 (Flyball, 7M)
|
Batting: RHB Warner Robinson
|
0-0: Ball 1-0: Ball 2-0: Ball 3-0: Base on Balls Terry Johnson to third Austin Henderson to second
|
Batting: RHB Dave Young
|
0-0: Called Strike 0-1: Ball 1-1: Swinging Strike 1-2: Fly out, F8 (Line Drive, 8RM)
|
Top of the 6th over - 0 run(s), 1 hit(s), 0 error(s), 3 left on base; Huntington Beach 5 - Remsen 6 |
BOTTOM OF THE 6TH |
Remsen Alphas batting - Pitching for Huntington Beach Surf : RHP Orlando Miranda
|
Batting: SHB Cliff Hale
|
0-0: Ball 1-0: Foul Ball, location: 2F 1-1: Swinging Strike 1-2: Strikes out swinging
|
Pitching: RHP Anthony Snyder
|
|
Batting: RHB Iván Ríos
|
0-0: Called Strike 0-1: Called Strike 0-2: Strikes out swinging
|
Batting: RHB Manuel Martínez
|
0-0: Ball 1-0: Foul Ball, location: 2F 1-1: Ball 2-1: Ball 3-1: Base on Balls
|
Batting: RHB Rafael Herrera
|
0-0: Ball 1-0: Called Strike 1-1: Called Strike 1-2: Ball 2-2: Strikes out looking
|
Bottom of the 6th over - 0 run(s), 0 hit(s), 0 error(s), 1 left on base; Huntington Beach 5 - Remsen 6 |
TOP OF THE 7TH |
Huntington Beach Surf batting - Pitching for Remsen Alphas : RHP Hänsel Freeh
|
Batting: LHB Bartolo Benítez
|
0-0: Foul Ball, location: 2F 0-1: Ball 1-1: Ball 2-1: Called Strike 2-2: Ground out 4-3 (Groundball, 4)
|
Pitching: LHP António Hernández
|
|
Batting: LHB Tony Martínez
|
0-0: Fly out, F6 (Popup, 6S)
|
Batting: RHB Enrique Marroquín
|
0-0: DOUBLE (Flyball, 9LM)
|
Batting: RHB Juan García
|
0-0: Called Strike 0-1: Ball 1-1: Ball 2-1: Ball 3-1: Base on Balls
|
Pinch Hitting: RHB Rafael Abreu
|
0-0: Ball 1-0: Foul Ball, location: 2F 1-1: SINGLE (Line Drive, 56D) Enrique Marroquín to third Juan García to second
|
Batting: RHB Austin Henderson
|
0-0: GRAND SLAM HOME RUN (Flyball, 78XD), Distance : 387 ft
|
Batting: RHB Jim Unknown
|
0-0: Foul Ball, location: 2F 0-1: Called Strike 0-2: Ball 1-2: Ball 2-2: Foul Ball, location: 2F 2-2: Foul Ball, location: 2F 2-2: Ground out 6-3 (Groundball, 6M)
|
Top of the 7th over - 4 run(s), 3 hit(s), 0 error(s), 0 left on base; Huntington Beach 9 - Remsen 6 |
BOTTOM OF THE 7TH |
Remsen Alphas batting - Pitching for Huntington Beach Surf : RHP Anthony Snyder
|
Now at 2B: Rafael Abreu
|
|
Batting: RHB Bernaldyn Berbedo
|
0-0: Ball 1-0: Ball 2-0: Called Strike 2-1: Called Strike 2-2: Fly out, F8 (Flyball, 8RS)
|
Batting: LHB Jerry Mitchell
|
0-0: Ball 1-0: Swinging Strike 1-1: Ball 2-1: Foul Ball, location: 2F 2-2: Foul Ball, location: 2F 2-2: Strikes out swinging
|
Batting: RHB Bert Motevassel
|
0-0: Fly out, F8 (Flyball, 8LM)
|
Bottom of the 7th over - 0 run(s), 0 hit(s), 0 error(s), 0 left on base; Huntington Beach 9 - Remsen 6 |
TOP OF THE 8TH |
Huntington Beach Surf batting - Pitching for Remsen Alphas : LHP António Hernández
|
Pitching: RHP Bobby Swain
|
|
Batting: RHB Warner Robinson
|
0-0: Swinging Strike 0-1: Ball 1-1: SINGLE (Line Drive, 34D)
|
Batting: RHB Dave Young
|
0-0: Swinging Strike 0-1: Foul Ball, location: 2F 0-2: Grounds into double play, 4-6-3 (Groundball, 4)
|
Batting: LHB Bartolo Benítez
|
0-0: Called Strike 0-1: Ball 1-1: Called Strike 1-2: Ball 2-2: Foul Ball, location: 2F 2-2: Ground out 1-3 (Groundball, 13S)
|
Top of the 8th over - 0 run(s), 1 hit(s), 0 error(s), 0 left on base; Huntington Beach 9 - Remsen 6 |
BOTTOM OF THE 8TH |
Remsen Alphas batting - Pitching for Huntington Beach Surf : RHP Anthony Snyder
|
Batting: LHB Keith Alexander
|
0-0: Ball 1-0: Ball 2-0: Ball 3-0: Base on Balls
|
Batting: RHB José Magana
|
0-0: SINGLE (Groundball, 4MD) Keith Alexander to second
|
Batting: SHB Cliff Hale
|
0-0: Ball 1-0: Ball 2-0: Ball 3-0: Called Strike 3-1: Foul Ball, location: 2F 3-2: Strikes out looking
|
Pitching: RHP Jim Unknown
|
|
Batting: RHB Iván Ríos
|
0-0: Ball 1-0: Called Strike 1-1: Foul Ball, location: 2F 1-2: Strikes out swinging
|
Batting: RHB Manuel Martínez
|
0-0: Fly out, F7 (Flyball, 7M)
|
Bottom of the 8th over - 0 run(s), 1 hit(s), 0 error(s), 2 left on base; Huntington Beach 9 - Remsen 6 |
TOP OF THE 9TH |
Huntington Beach Surf batting - Pitching for Remsen Alphas : RHP Bobby Swain
|
Batting: LHB Tony Martínez
|
0-0: Called Strike 0-1: Ball 1-1: SINGLE (Groundball, 4MD)
|
Batting: RHB Enrique Marroquín
|
0-0: Ball 1-0: Reached on error, E6 (Groundball, 6M) Tony Martínez to second
|
Batting: RHB Juan García
|
0-0: Ball 1-0: Swinging Strike 1-1: Ball 2-1: Foul Ball, location: 2F 2-2: Strikes out looking
|
Batting: RHB Rafael Abreu
|
0-0: Ball 1-0: Foul Ball, location: 2F 1-1: Called Strike 1-2: Strikes out swinging
|
Batting: RHB Austin Henderson
|
0-0: Ball 1-0: Swinging Strike 1-1: Called Strike 1-2: Foul Ball, location: 2F 1-2: Ball 2-2: Ball 3-2: Base on Balls Tony Martínez to third Enrique Marroquín to second
|
Batting: RHB Jim Unknown
|
0-0: Ball 1-0: Fly out, F9 (Popup, 9LS)
|
Top of the 9th over - 0 run(s), 1 hit(s), 1 error(s), 3 left on base; Huntington Beach 9 - Remsen 6 |
BOTTOM OF THE 9TH |
Remsen Alphas batting - Pitching for Huntington Beach Surf : RHP Jim Unknown
|
Batting: RHB Rafael Herrera
|
0-0: Ball 1-0: DOUBLE (Flyball, 8RM)
|
Batting: RHB Bernaldyn Berbedo
|
0-0: Called Strike 0-1: Fly out, F8 (Line Drive, 8LM)
|
Batting: LHB Jerry Mitchell
|
0-0: Foul Ball, location: 2F 0-1: Swinging Strike 0-2: DOUBLE (Groundball, 3D) Rafael Herrera scores
|
Pinch Hitting: RHB Jim Unknown
|
0-0: Foul Ball, location: 2F 0-1: Fly out, F9 (Flyball, 9LD) Runner from 2nd tags up, SAFE at 3rd, no throw
|
Pinch Hitting: LHB Jim Unknown
|
0-0: Ball 1-0: Called Strike 1-1: Fly out, F8 (Flyball, 8LM)
|
Bottom of the 9th over - 1 run(s), 2 hit(s), 0 error(s), 1 left on base; Huntington Beach 9 - Remsen 7 |
|